 Dungeon Crawl Stone Soup version 0.19-a0-1697-g0595f0e (webtiles) character file.

44 Ijustatesigmund the Sneak (level 3, 0/18 HPs)
             Began as a Spriggan Assassin on Sept 26, 2016.
             Succumbed to an adder's poison
             ... on level 2 of the Dungeon.
             The game lasted 00:02:40 (1399 turns).

Ijustatesigmund the Sneak (Spriggan Assassin)       Turns: 1399, Time: 00:02:41

Health: 0/18       AC:  4    Str:  7    XL:     3   Next: 39%
Magic:  4/4        EV: 18    Int: 13    God:
Gold:   113        SH:  0    Dex: 17    Spells: 0 memorised, 2 levels left

rFire  . . .     SeeInvis +     b - +0 blowgun
rCold  . . .     Gourm    .     c - +0 robe
rNeg   . . .     Faith    .     (shield restricted)
rPois  .         Spirit   .     (helmet restricted)
rElec  .         Dismiss  .     d - +0 cloak
rCorr  .         Reflect  .     (gloves unavailable)
MR     .....     Harm     .     (boots unavailable)
Stlth  ++++......               (no amulet)
                                (no ring)
                                (no ring)

@: lethally poisoned (0 -> -3), very quick
A: unfitting armour, see invisible, herbivore 3, speed 3, slow metabolism 2
a: no special abilities


You were on level 2 of the Dungeon.
You were not hungry.

You visited 1 branch of the dungeon, and saw 2 of its levels.

You collected 113 gold pieces.

Inventory:

Hand Weapons
 a - a +2 dagger
 b - a +0 blowgun (weapon)
Missiles
 e - 7 poisoned needles (quivered)
Armour
 c - a +0 robe (worn)
 d - a +0 cloak (worn)
Scrolls
 h - a scroll of enchant armour {unknown}
 i - 3 scrolls of identify {unknown}
 l - a scroll of remove curse {unknown}
Comestibles
 g - a bread ration
 j - a slice of pizza
 k - 3 fruits


   Skills:
 - Level 1.5 Fighting
 + Level 3.1 Short Blades
 - Level 2.0 Throwing
 + Level 2.8 Dodging
 + Level 6.6 Stealth


You had 2 spell levels left.
You didn't know any spells.

Dungeon Overview and Level Annotations

Branches:
Dungeon (2/15)

Altars:


Innate Abilities, Weirdness & Mutations

You are very small and have problems with some larger weapons.
You are too small for most types of armour.
You have supernaturally acute eyesight. (SInv)
You are a herbivore.
You cover ground extremely quickly.
You need consume almost no food.


Message History

Quiver which item? (- for none, * to show all) (? for menu, Esc to quit)
Quivering
f - 2 curare-tipped needles for blowguns.
Firing (i - inventory. (,) - cycle):
f - 2 curare-tipped needles (quivered)
Press: ? - help, Shift-Dir - straight line, f - adder
Aim: an adder (heavily wounded)
You shoot a curare-tipped needle.
The curare-tipped needle barely misses the adder.
Firing (i - inventory. (,) - cycle):
f - a curare-tipped needle (quivered)
Press: ? - help, Shift-Dir - straight line, f/p - adder
Aim: an adder (heavily wounded)
You shoot a curare-tipped needle.
The curare-tipped needle barely misses the adder.
* * * LOW HITPOINT WARNING * * *
You feel sick.
Firing (i - inventory):
e - 8 poisoned needles (quivered)
Press: ? - help, Shift-Dir - straight line, f/p - adder
Aim: an adder (heavily wounded)
You shoot a poisoned needle.
The poisoned needle barely misses the adder.
You die...

#.######. #.....##. #.#
####+####...##. #.#
#.......#...##. #(#
#.......# ##
#######.###..≈≈≈..#
#.......†.'..♣≈♣..+
#.####...S#..≈≈≈..# #.#
#....#.......# #.#
#..@.#.......#
#######'############+####
#..............#
#...............
#..............#
#..............#
#..............#
#..............#
######.........#


You could see an adder.

Vanquished Creatures
  A gnoll (D:1)
  A worm (D:2)
  5 leopard geckos
  2 giant cockroaches
  5 goblins (D:1)
  A ball python (D:2)
  A bat (D:1)
  3 frilled lizards
  3 kobolds (D:1)
  7 rats
29 creatures vanquished.

Notes
Turn   | Place    | Note
-------+----------+-------------------------------------------
     0 | D:1      | Ijustatesigmund the Spriggan Assassin began the quest for the Orb.
     0 | D:1      | Reached XP level 1. HP: 10/10 MP: 2/2
    12 | D:1      | Reached skill level 6 in Stealth
   189 | D:1      | Reached XP level 2. HP: 12/14 MP: 3/3
   633 | D:1      | Reached XP level 3. HP: 18/18 MP: 4/4
  1399 | D:2      | Succumbed to an adder's poison

Vault maps used:
D:1:      dpeg_arrival_boxes_within_box
D:2:      kennysheep_generic_room_11

Skill      XL: |  1  2  3 |
---------------+----------+-----
Stealth        | 6 |  6.6
Dodging        | 2 |  2.8
Short Blades   | 3 |  3.1
Fighting       | |  1.5
Throwing       | |  2.0

Action                   || total
-------------------------++-------
Melee: Dagger            ||   118
 Fire: Blowgun           ||     3
 Stab: Sleeping          ||     9
Armor: Robe              ||     9
Dodge: Dodged            ||    77
